cohdb
Replays
Latest Replays
All Replays
Popular Replays
Top Player Replays
Match Explorer
How It Works
Community
CoH3 Stats
Reddit
Sign in to upload your games and track your stats! →
Sign in with Steam
Match 41217118
Unlisted
Match 41217118
Overview
Messages
Build Orders
End
Construct Infanterie Kompanie
Pioneer Squad
Selects Breakthrough Battlegroup
Grenadier Squad
MG 42 Machine Gun Team
Grenadier Squad
MG 42 Machine Gun Team
Selects Assault Grenadiers
Selects Rapid Production
Infanterie Officer Quarters
Grenadier Squad
Construct Panzergrenadier Kompanie
Support Elements
Nebelwerfer 42 Rocket Launcher Team
StuG III G Assault Gun
Selects Blitzkrieg
Panzergrenadier Squad
Panzergrenadier Squad
Panzergrenadier Officer Quarters
Nebelwerfer 42 Rocket Launcher Team
Panzergrenadier Squad
StuG III G Assault Gun
Side Skirts
Selects Tiger Heavy Tank
Tiger Heavy Tank
Selects Breakthrough
That's Amazing NaJcZeL
MarianPiwosz1978Polska
coledj0408
S.W.A
0
0
Comments
sign in to comment!
No comments posted yet!